 Dungeon Crawl Stone Soup version 0.31.0-11-ge490571c62 (webtiles) character file.

Game seed: 8717242953295056952

124 hero57213 the Covered (level 4, -1/40 HPs)
             Began as a Minotaur Fighter on Jan 31, 2024.
             Slain by a hobgoblin (2 damage)
             ... led by Robin
             ... on level 3 of the Dungeon.
             The game lasted 00:04:47 (2536 turns).

hero57213 the Covered (Minotaur Fighter)            Turns: 2536, Time: 00:04:50

Health: -1/40      AC:  7    Str: 21    XL:     4   Next: 81%
Magic:  3/3        EV:  9    Int:  5    God:
Gold:   145        SH:  5    Dex: 11    Spells: 3/3 levels left

rFire   . . .        a - +0 long sword
rCold   . . .        c - +0 buckler
rNeg    . . .        b - +0 scale mail
rPois   .            (helmet restricted)
rElec   .            (no cloak)
rCorr   .            (no gloves)
SInv    .            (no boots)
Will    .....        (no amulet) Stlth
                     (no ring)
HPRegen 0.26/turn    (no ring)
MPRegen 0.08/turn

%: no passive effects
@: no status effects
A: horns 2, retaliatory headbutt
a: no special abilities


You were on level 3 of the Dungeon.
You visited 1 branch of the dungeon, and saw 3 of its levels.

You collected 145 gold pieces.

Inventory:

Hand Weapons
 a - a +0 long sword (weapon)
 s - a +2 dagger of venom
Armour
 b - a +0 scale mail (worn)
 c - a +0 buckler (worn)
 t - the +1 leather armour "Beutyeg" {rC+}
   (You found it on level 3 of the Dungeon)

   rC+:       It protects you from cold.
Magical Staves
 h - a staff of death
Wands
 o - a wand of polymorph (8)
Scrolls
 e - a scroll of identify {unknown}
 j - 2 scrolls of blinking {unknown}
 k - a scroll of acquirement {unknown}
 l - a scroll of enchant armour {unknown}
 m - a scroll of revelation {unknown}
 n - a scroll of teleportation {unknown}
 p - a scroll of fear {unknown}
Potions
 d - 2 potions of might
 f - a potion of invisibility {unknown}
 g - a potion of enlightenment {unknown}
 i - a potion of brilliance {unknown}
 q - a potion of heal wounds {unknown}
 r - a potion of curing {unknown}


   Skills:
 + Level 4.0 Fighting
 + Level 3.5 Long Blades
 + Level 5.1 Armour
 + Level 1.0 Dodging
 + Level 0.1 Stealth
 + Level 4.4 Shields


You had 3 spell levels left.
You didn't know any spells.
Your spell library contained the following spells:

 Spells                   Type           Power      Damage    Failure   Level
 Slow                     Hex            0%         N/A       86%         1
 Confusing Touch          Hex            0%         N/A       99%         3
 Sigil of Binding         Hex            0%         N/A       99%         3
 Vampiric Draining        Necr           0%         2d6       99%         3
 Brom's Barrelling Bould  Conj/Erth      0%         2d3       100%        4
 Fireball                 Conj/Fire      0%         3d3       100%        5
 Iskenderun's Battlesphe  Conj           0%         2d6       100%        5
 Conjure Ball Lightning   Conj/Air       0%         3x3d6     100%        6
 Orb of Destruction       Conj           0%         9d5       100%        7


Dungeon Overview and Level Annotations

Branches:
Dungeon (3/15)

Altars:
Uskayaw

Annotations:
D:3 Grinder


Innate Abilities, Weirdness & Mutations

You have a pair of horns on your head.
You reflexively headbutt those who attack you in melee.


Message History

The hobgoblin hits you but does no damage.
The goblin hits you but does no damage.
You can move again.
You closely miss Grinder.
Grinder is moderately wounded.
Grinder hits you but does no damage.
The hobgoblin hits you but does no damage.
A hobgoblin comes into view.
The goblin hits you but does no damage.
A hobgoblin comes into view.
You closely miss Grinder.
Grinder is moderately wounded.
The hobgoblin shouts!
Grinder zaps a wand.
The puff of flame misses you. You block the hobgoblin's attack.
The goblin hits you but does no damage.
A hobgoblin comes into view.
You slash Grinder!
Grinder is heavily wounded.
Grinder gestures at you. Pain shoots through your body! The hobgoblin hits you.
The goblin closely misses you. You furiously retaliate!
You headbutt the goblin!
You kill the goblin!
You hit Grinder.
Grinder is severely wounded.
Grinder hits you but does no damage. The hobgoblin hits you.
* * * LOW HITPOINT WARNING * * *
The goblin hits you but does no damage. Grinder gestures at you.
You resist with significant effort. The hobgoblin hits you.
* * * LOW HITPOINT WARNING * * *
The goblin hits you but does no damage.
You hit Grinder but do no damage. You headbutt Grinder.
Grinder is severely wounded.
Grinder hits you.
* * * LOW HITPOINT WARNING * * *
You writhe in agony.
* * * LOW HITPOINT WARNING * * *
The hobgoblin hits you.
You die...

... #... #... #...##
+....# #....########
#......@5g..# ..
###....ggg..# #.##
#......)..#
...####.......g.#
#....#.........g....gg
#..............##.g.g.
#..............# ....
#..............# ...
#.....########## ..


You could see Grinder, 4 hobgoblins and 2 goblins.

Vanquished Creatures
  Terence (D:2)
  4 gnolls
  2 adders (D:2)
  A dart slug (D:2)
  A ribbon worm (D:2)
  3 endoplasms
  3 giant cockroaches
  5 goblins
  5 hobgoblins
  2 kobolds
  A quokka (D:1)
  2 ball pythons
  6 bats
  2 frilled lizards
  4 rats
42 creatures vanquished.

Notes
Turn   | Place    | Note
-------+----------+-------------------------------------------
     0 | D:1      | hero57213 the Minotaur Fighter began the quest for the Orb.
     0 | D:1      | Reached XP level 1. HP: 19/19 MP: 0/0
   143 | D:1      | Found a faded altar of an unknown god.
   156 | D:1      | Reached XP level 2. HP: 27/27 MP: 1/1
  1154 | D:2      | Reached skill level 4 in Armour
  1173 | D:2      | Reached XP level 3. HP: 33/33 MP: 2/2
  1290 | D:2      | Noticed Terence
  1299 | D:2      | Killed Terence
  1302 | D:2      | Reached XP level 4. HP: 30/40 MP: 3/3
  1750 | D:2      | Found a hide-covered altar of Uskayaw.
  2036 | D:2      | Reached skill level 1 in Dodging
  2040 | D:2      | Reached skill level 5 in Armour
  2517 | D:3      | Identified the +1 leather armour "Beutyeg" {rC+}
  2521 | D:3      | Noticed Grinder
  2529 | D:3      | Paralysed by Grinder for 2 turns
  2536 | D:3      | HP: 1/40 [Grinder (4)]
  2536 | D:3      | Slain by a hobgoblin

Illustrated notes

Levels and vault maps discovered:
D:1:      heliophobic_arrival_ceremonial_halls, layout_basic,
          hellmonk_ecumenical_altar_lost_god, minivault_25, grunt_decor_clamped,
          minmay_misc_feat_more_columns
D:2:      layout_basic, basic_altar, uniq_terence
D:3:      layout_basic, minitemple, uniq_grinder, uniq_ijyb, uniq_robin

Skill      XL: |  1  2  3  4 |
---------------+-------------+-----
Shields        | 4 |  4.4
Long Blades    | 3 |  3.5
Armour         | 4 5 |  5.1
Fighting       | 4 |  4.0
Dodging        | 1 |  1.0
Stealth        | |  0.1

Action                     |  1- 3 |  4- 6 || total
---------------------------+-------+-------++-------
  Melee: Long sword        |    65 |    43 ||   108
         Headbutt          |     7 |     6 ||    13
 Armour: Scale mail        |    48 |    45 ||    93
  Dodge: Dodged            |    27 |    18 ||    45
  Block: Buckler           |    18 |     7 ||    25
